 Dungeon Crawl Stone Soup version 0.28-a0-535-g6f645e4c1d (webtiles) character file.

Game seed: 9042636775254717871

5257 Shayle the Martial Artist (level 10, -7/76 HPs)
             Began as a Djinni Warper on Sept 27, 2021.
             Was an Initiate of Makhleb.
             Mangled by an efreet (22 damage)
             ... on level 10 of the Dungeon.
             The game lasted 00:34:50 (14387 turns).

Shayle the Martial Artist (Djinni Warper)          Turns: 14387, Time: 00:34:50

Health: -7/76      AC:  2    Str: 10    XL:     10   Next: 93%
Gold:   655        EV: 19    Int: 23    God:    Makhleb [......] SH:  0 Dex: 19

rFire   x . .      SeeInvis .     - Unarmed
rCold   + . .      Faith    .   (shield currently unavailable)
rNeg    . . .      Spirit   .   (armour currently unavailable)
rPois   ∞          Reflect  .   (helmet currently unavailable)
rElec   .          Harm     .   (cloak currently unavailable)
rCorr   .          Rampage  .   (gloves currently unavailable)
Will    +....                   (boots unavailable)
Stlth   ++........              (no amulet)
HPRegen 0.22/turn               o - ring of ice
MPRegen 0.00/turn               L - +6 ring of intelligence

@: spider-form, flying
A: venomous fangs, flying, sickness immunity, tiny, (fire resistance 2), (cold
vulnerability 1), float, innate caster, hp casting, extra vitality 1
a: End Transformation, Renounce Religion


You were on level 10 of the Dungeon.
You worshipped Makhleb.
Makhleb was noncommittal.
You were a venomous arachnid creature.
You visited 2 branches of the dungeon, and saw 11 of its levels.

You collected 655 gold pieces.

Inventory:

Hand Weapons
 g - a +0 vampiric dagger
 k - a +2 hand axe of freezing (melded)
 q - a +0 dagger of draining
 x - a +2 trident of protection
Missiles
 c - 4 boomerangs of dispersal (quivered)
 i - 4 curare-tipped darts
 F - 9 boomerangs
Armour
 a - a +0 leather armour (melded)
 l - a +1 cloak (melded)
 r - a scarf of resistance
 v - the +3 crown of Dyrovepreva (melded) {rElec Int+2 SInv}
   (You acquired it on level 6 of the Dungeon)

   Int:       It affects your intelligence (+2).
   rElec:     It insulates you from electricity.
   SInv:      It lets you see invisible.
 y - +0 steam dragon scales
 I - a +0 troll leather armour
 O - +0 acid dragon scales
Jewellery
 d - a ring of resist corrosion
 o - a ring of ice (left front leg)
 t - an amulet of faith
 L - a +6 ring of intelligence (right front leg)
 M - an amulet of reflection
Wands
 e - a wand of flame (18)
 h - a wand of polymorph (18)
 E - a wand of paralysis (13)
Scrolls
 b - a scroll of teleportation
 f - 3 scrolls of vulnerability
 m - 4 scrolls of identify
 n - a scroll of immolation
 p - a scroll of blinking
 s - a scroll of holy word
 u - 2 scrolls of magic mapping
 w - 2 scrolls of fear
 C - a scroll of noise {unknown}
 G - a scroll of enchant weapon {unknown}
 H - a scroll of fog {unknown}
Potions
 j - a potion of degeneration
 z - a potion of curing
 A - a potion of brilliance
 B - 3 potions of haste {unknown}
 D - 3 potions of berserk rage {unknown}
 J - a potion of mutation {unknown}
 K - a potion of heal wounds {unknown}
 N - a potion of might {unknown}


   Skills:
 + Level 8.1 Fighting
 - Level 0.7 Throwing
 - Level 1.0 Armour
 - Level 2.1 Dodging
 + Level 8.1 Unarmed Combat
 + Level 6.5 Spellcasting
 + Level 7.1 Invocations


You couldn't memorise any spells.
You knew the following spells:

 Your Spells              Type           Power      Damage    Failure   Level
a - Blink                 Tloc           N/A        N/A       4%          2
b - Lesser Beckoning      Tloc           37%        N/A       7%          3
c - Gell's Gravitas       Tloc           18%        N/A       7%          3
d - Teleport Other        Tloc           37%        N/A       7%          3
e - Manifold Assault      Tloc           37%        N/A       34%         5
f - Shock                 Conj/Air       100%       1d9       3%          1
g - Corpse Rot            Necr/Air       N/A        N/A       4%          2
h - Spider Form           Tmut/Pois      18%        N/A       7%          3
i - Vampiric Draining     Necr           18%        2d8       7%          3
Your spell library was empty.

Dungeon Overview and Level Annotations

Branches:
Dungeon (10/15)            Temple (1/1) D:4
   Lair: D:8-11         Orc: D:9-12

Altars:
Ashenzari
Cheibriados
Dithmenos
Fedhas
Gozag
Hepliaklqana
Kikubaaqudgha
Makhleb
Nemelex Xobeh
Okawaru
Qazlal
Ru
Sif Muna
Trog
Vehumet
Wu Jian
Xom
Yredelemnul
Zin
The Shining One
Beogh

Portals:
Trove: D:10 (give 8 scrolls of blinking)

Annotations:
D:4 3 runed translucent doors, mandarbmax's ghost, amateur KoBr
D:9 Harold


Innate Abilities, Weirdness & Mutations

You are a venomous arachnid creature.
You have poisonous fangs.
You are tiny and dextrous.
You are flying.
Your spellcasting is less reliable in this form.
Your armour is entirely melded.
You are incapable of wielding weapons or throwing items.
You are immune to sickness and miasma.
You are immune to poison.
((Your flesh is very heat resistant. (rF++)))
((You are vulnerable to cold. (rC-)))
You float through the air rather than walking.
You learn spells naturally, not from books.
Your magical power is your life essence.
You have superior vitality. (+4 HP)


Message History

Your +2 hand axe of freezing glows with a cold blue light!
You reach down and open the door.
There is an open door here.
Found a thin glowing staff.
As you open the door, it creaks loudly!
There is an open door here.
Found 22 stones.
You now have 655 gold pieces (gained 19).
An efreet comes into view.
It is wielding a +1 scimitar of flaming.
The efreet gestures at you.
The fireball explodes!
The fireball engulfs you. You resist.
You hear a shout!
You hear a howl!
You hear a shout!
You see here 22 stones.
An efreet is nearby!
Casting: Spider Form (safe; 1% risk of failure)
Confirm with . or Enter, or press ? or * to list all spells.
You turn into a venomous arachnid creature.
Your +2 hand axe of freezing melds into your body.
Your +1 cloak melds into your body.
The +3 crown of Dyrovepreva {rElec Int+2 SInv} melds into your body.
Your +0 leather armour melds into your body.
Your +2 hand axe of freezing stops glowing.
You hit the efreet.
The efreet is lightly wounded.
The efreet gestures at you. The bolt of fire hits you!
The fire burns you terribly!
You hit the efreet.
The efreet is lightly wounded.
The efreet gestures at you. The bolt of fire misses you.
You hit the efreet.
The efreet is moderately wounded.
The efreet gestures at you. The bolt of fire hits you!!!
The fire burns you terribly!
Ouch! That really hurt!
* * * LOW HITPOINT WARNING * * *
You hit the efreet but do no damage.
The efreet is moderately wounded.
The efreet hits you with a +1 scimitar of flaming!!
You die...

####.............................
#.####'###....................
#.#......#....................
#.#......#....................
#.#......#..##################
####.#......#..# ##.....
.....#+######..# ......#
###............##.....#
..#.....######.#sR....# ..#.....#
#(.....### ..#.....# #.######
..#.....# #.# ..#.....######.#
### ###............# #..
........#####..# ....
###.###'#...#..# ....
#.#.......#..# ....


You could see an efreet.

Vanquished Creatures
  A hydra (D:10)
  A troll (D:9)
  Prince Ribbit (D:8)
  Eustachio (D:5)
  A wraith (D:10)
  A steam dragon (D:7)
  3 yaks
  An acid dragon (D:10)
  3 water moccasins
  Duvessa (D:5)
  A sky beast (D:5)
  3 orc warriors
  An ice beast (D:6)
  An ogre (D:4)
  A necrophage (D:6)
  2 centaurs
  2 phantoms
  2 kobold brigands
  A bullfrog (D:7)
  Dowan (D:5)
  2 wyvern skeletons (D:7)
  3 killer bees (D:9)
  8 wights
  A bullfrog zombie (D:5)
  4 centaur zombies
  2 hounds
  An orc priest (D:6)
  A gnoll shaman (D:8)
  2 centaur skeletons
  5 orc wizards
  An iguana (D:6)
  A killer bee zombie (D:7)
  3 howler monkey zombies
  Robin (D:2)
  4 gnolls (D:8)
  4 adders
  A howler monkey skeleton (D:5)
  2 shadow imps
  2 white imps
  An ufetubus (D:2)
  An adder skeleton (D:4)
  3 worms
  3 dart slugs
  26 orcs
  4 ball pythons
  5 bats (D:1)
  14 endoplasms
  5 giant cockroaches
  13 goblins
  11 hobgoblins
  4 jackals (D:4)
  17 kobolds
  6 quokkas
  8 frilled lizards
  2 rats (D:1)
200 creatures vanquished.

Vanquished Creatures (others)
  2 plants (D:4)
2 creatures vanquished.

Grand Total: 202 creatures vanquished

Notes
Turn   | Place    | Note
-------+----------+-------------------------------------------
     0 | D:1      | Shayle the Djinni Warper began the quest for the Orb.
     0 | D:1      | Reached XP level 1. HP: 18/18 MP: 0/0
   359 | D:1      | Reached XP level 2. HP: 22/23 MP: 0/0
  1042 | D:1      | Reached XP level 3. HP: 9/29 MP: 0/0
  1042 | D:1      | Learned a level 1 spell: Shock
  1272 | D:1      | Found a faded altar of an unknown god.
  2123 | D:2      | Noticed Robin
  2126 | D:2      | Reached XP level 4. HP: 28/34 MP: 0/0
  2142 | D:2      | Killed Robin
  3181 | D:2      | Reached XP level 5. HP: 33/40 MP: 0/0
  3181 | D:2      | Learned a level 2 spell: Corpse Rot
  4051 | D:3      | Found a blossoming altar of Fedhas.
  4730 | D:4      | Found a bloodstained altar of Trog.
  4752 | D:4      | Noticed an ogre
  4760 | D:4      | Killed an ogre
  4761 | D:4      | Reached skill level 1 in Invocations
  4761 | D:4      | Reached XP level 6. HP: 38/47 MP: 0/0
  5193 | D:4      | Noticed a necrophage
  5217 | D:4      | Found a runed translucent gate.
  5217 | D:4      | Noticed mandarbmax's ghost (amateur KoBr)
  5226 | D:4      | Found a runed translucent gate.
  5239 | D:4      | Found a runed translucent gate.
  5571 | D:4      | Found a staircase to the Ecumenical Temple.
  5578 | Temple   | Entered the Ecumenical Temple
  5897 | D:5      | Entered Level 5 of the Dungeon
  5897 | D:5      | Noticed Duvessa
  5897 | D:5      | Noticed Dowan
  5944 | D:5      | Noticed Eustachio
  5969 | D:5      | Killed Eustachio
  5970 | D:5      | Reached XP level 7. HP: 37/52 MP: 0/0
  5970 | D:5      | Learned a level 3 spell: Spider Form
  6082 | D:5      | Noticed a water moccasin
  6103 | D:5      | Killed a water moccasin
  6417 | D:5      | Reached XP level 8. HP: 37/58 MP: 0/0
  6759 | D:5      | Killed Duvessa
  6760 | D:5      | Reached skill level 5 in Unarmed Combat
  6959 | D:5      | Killed Dowan
  6960 | D:5      | Reached skill level 5 in Fighting
  7574 | D:6      | Found an ornate altar of the Wu Jian Council.
  8375 | D:6      | Found a broken altar of Ashenzari.
  8382 | D:6      | Reached XP level 9. HP: 35/65 MP: 0/0
  8382 | D:6      | Learned a level 3 spell: Vampiric Draining
  8679 | D:6      | Identified a scroll of acquirement
  8679 | D:6      | Acquired the +3 crown of Dyrovepreva {rElec Int+2 SInv}
  8679 | D:6      | Found the +3 crown of Dyrovepreva {rElec Int+2 SInv}
  8761 | D:6      | Reached skill level 5 in Spellcasting
  9384 | D:7      | Found an iron altar of Okawaru.
  9462 | D:7      | Reached skill level 5 in Invocations
  9877 | D:7      | Noticed a slime creature
 10390 | D:7      | Noticed a slime creature
 10390 | D:7      | Noticed a slime creature
 10874 | D:8      | Noticed Prince Ribbit
 10884 | D:8      | Killed Prince Ribbit
 11173 | D:8      | Reached XP level 10. HP: 56/73 MP: 0/0
 11569 | D:8      | Found a sacrificial altar of Ru.
 12291 | D:9      | Found a burning altar of Makhleb.
 12309 | D:9      | Became a worshipper of Makhleb the Destroyer
 12510 | D:9      | Noticed a two-headed ogre
 12859 | D:9      | Noticed Harold
 12871 | D:10     | Entered Level 10 of the Dungeon
 13128 | D:10     | Found a portal to a secret trove of treasure.
 13222 | D:10     | Noticed a four-headed hydra
 13242 | D:10     | Killed a four-headed hydra
 13738 | D:9      | Found a glowing golden altar of the Shining One.
 14380 | D:10     | Noticed an efreet
 14387 | D:10     | Mangled by an efreet

Illustrated notes

Levels and vault maps discovered:
D:1:      dpeg_arrival_triangle_fractal, layout_loops_cross,
          shapermc_ecumenical_altar_mp_highgroup
D:2:      layout_loops_ring, minmay_statues_item, uniq_robin
D:3:      layout_loops_cross, nicolae_sif_muna_condensation,
          mainiacjoe_overflow_cross_hatched, chequers_serial_rivers_large_a,
          minmay_misc_feat_chi
D:4:      layout_gridville, mainiacjoe_overflow_catwalk,
          minmay_temple_entry_overgrown, biasface_ghost_orc_armoury
D:5:      layout_basic, uniq_duvessa, uniq_eustachio
D:6:      cheibrodos_two_vegetables, layout_gridville,
          mainiacjoe_overflow_concentric_impassable,
          lemuel_coloured_pillars_altar, gammafunk_ghost_grave
D:7:      layout_basic, old_standard_altar, okawaru_gym_becter, grunt_potential
D:8:      layout_loops_ring, lemuel_crystal_altar, uniq_prince_ribbit1
D:9:      layout_roguey, mainiacjoe_overflow_boulevard, kennysheep_mini_moat,
          kennysheep_nub, uniq_harold
D:10:     minmay_opposing_rooms, layout_irregular_city, minitemple,
          nicolae_trove_entry_isolated
Temple:   eino_wide_crystal_templ

Skill      XL: |  1  2  3  4  5  6  7  8  9 10 |
---------------+-------------------------------+-----
Spellcasting   | 3 4 5 6 |  6.5
Fighting       | 3 4 5 6 8 |  8.1
Unarmed Combat | 3 4 5 6 8 |  8.1
Invocations    | 1 2 4 5 7 |  7.1
Throwing       | |  0.7
Armour         | |  1.0
Dodging        | |  2.1

Action                   |  1- 3 |  4- 6 |  7- 9 | 10-12 || total
-------------------------+-------+-------+-------+-------++-------
Melee: Unarmed           |    86 |     2 |   234 |   157 ||   479
       Dagger            |       |   104 |       |       ||   104
       Punch             |       |     1 |     3 |       ||     4
       Hand axe          |       |    54 |   127 |    15 ||   196
Throw: Boomerang         |       |     1 |       |       ||     1
 Cast: Shock             |    31 |   127 |     8 |    24 ||   190
       Blink             |       |     1 |       |     4 ||     5
       Spider Form       |       |       |    27 |    16 ||    43
       Teleport Other    |       |       |       |     1 ||     1
Evoke: Wand              |       |       |     5 |     9 ||    14
  Use: Scroll            |     1 |     6 |     5 |       ||    12
       Potion            |       |     4 |     1 |     1 ||     6
 Stab: Invisible         |       |     1 |       |       ||     1
       Paralysed         |       |       |       |     1 ||     1
Armor: Leather armour    |    29 |    69 |    84 |     9 ||   191
       Skin              |       |       |    13 |    18 ||    31
Dodge: Dodged            |    62 |    95 |   331 |   163 ||   651

Table legend: (Time is in decaauts)
 A = Elapsed time spent in this place.
 B = Non-inter-level travel time spent in this place.
 C = Inter-level travel time spent in this place.
 D = Time resting spent in this place.
 E = Time spent auto-exploring this place.
 F = Levels seen in this place.
 G = Mean time per level.
                   A        B        C        D        E       F      G
               +--------+--------+--------+--------+--------+-----+--------+
         Total |  14415 |  14199 |    216 |   4165 |   7477 |  11 | 1310.5 |
       Dungeon |  14300 |  14084 |    216 |   4165 |   7385 |  10 | 1430.0 |
        Temple |    114 |    114 |      0 |      0 |     92 |   1 |  114.0 |
               +--------+--------+--------+--------+--------+-----+--------+

Top non-repeatable levels by time:
     D:6: 1832 daAuts
     D:2: 1763 daAuts
     D:1: 1752 daAuts
     D:8: 1594 daAuts
     D:7: 1345 daAuts
     D:4: 1257 daAuts
     D:3: 1217 daAuts
    D:10: 1209 daAuts
     D:9: 1165 daAuts
     D:5: 1160 daAuts
  Temple: 114 daAuts
